 Dungeon Crawl Stone Soup version 0.29.1-15-g9cfb28693d (webtiles) character file.

Game seed: 16501074331566425862

5 croobank the Firebug (level 1, -1/13 HPs)
             Began as a Demonspawn Fire Elementalist on Mar 20, 2023.
             Slain by a goblin
             ... wielding a +0 dagger
              (3 damage)
             ... on level 1 of the Dungeon.
             The game lasted 00:01:13 (408 turns).

croobank the Firebug (Demonspawn Fire Elementalist)  Turns: 408, Time: 00:01:14

Health: -1/13      AC:  2    Str:  8    XL:     1   Next: 66%
Magic:  0/3        EV: 12    Int: 16    God:
Gold:   13         SH:  0    Dex: 13    Spells: 3/4 levels left

rFire   . . .      SeeInvis .   e - +0 short sword
rCold   . . .      Faith    .   (no shield)
rNeg    . . .      Spirit   .   a - +0 robe
rPois   .          Reflect  .   (no helmet)
rElec   .          Harm     .   (no cloak)
rCorr   .          Rampage  .   (no gloves)
Will    .....                   (no boots)
Stlth   ++........              (no amulet)
HPRegen 0.04/turn               (no ring)
MPRegen 0.08/turn               (no ring)

@: no status effects
A: no striking features
a: no special abilities


You were on level 1 of the Dungeon.
You visited 1 branch of the dungeon, and saw 1 of its levels.

You collected 13 gold pieces.

Inventory:

Hand Weapons
 b - a +0 dagger
 e - a +0 short sword (weapon)
Missiles
 d - 4 curare-tipped darts
Armour
 a - a +0 robe (worn)
Scrolls
 c - a scroll of silence {unknown}
 f - a scroll of fear {unknown}
Potions
 g - a potion of might {unknown}
 h - a potion of invisibility {unknown}
 i - a potion of flight {unknown}


   Skills:
 + Level 1.9 Dodging
 + Level 1.9 Stealth
 + Level 2.0 Spellcasting
 + Level 1.1 Conjurations
 + Level 2.7 Fire Magic


You had 3 spell levels left.
You knew the following spells:

 Your Spells              Type           Power      Damage    Failure   Level
a - Foxfire               Conj/Fire      28%        2x1d5     10%         1

Your spell library contained the following spells:

 Spells                   Type           Power      Damage    Failure   Level
 Scorch                   Fire           20%        2d6       10%         2
 Conjure Flame            Conj/Fire      7%         6-21      28%         3
 Inner Flame              Hex/Fire       6%         N/A       34%         3
 Flame Wave               Conj/Fire      7%         2d5       67%         4


Dungeon Overview and Level Annotations

Branches:
Dungeon (1/15)

Altars:


Message History

You conjure some foxfire!
The goblin shouts!
Casting: Foxfire (safe; 10% risk of failure)
Confirm with . or Enter, or press ? or * to list all spells.
You don't have enough magic to cast this spell.
The dart slug launches a dart at you. The slug dart hits you.
You see here a smoky ruby potion.
h - a smoky ruby potion The dart slug launches a dart at you.
The slug dart misses you.
Casting: Foxfire (safe; 10% risk of failure)
Confirm with . or Enter, or press ? or * to list all spells.
You conjure some foxfire!
Found a scroll labelled ULAOPI LONTEM.
The foxfire hits the dart slug.
The dart slug is moderately wounded.
A goblin is nearby!
Found a lumpy golden potion.
A kobold and a bat come into view.
You see here a lumpy golden potion.
i - a lumpy golden potion The bat hits you but does no damage.
The bat closely misses you. The goblin hits you with a +0 dagger.
Casting: Foxfire (safe; 10% risk of failure)
Confirm with . or Enter, or press ? or * to list all spells.
You conjure some foxfire!
The bat hits you but does no damage. The bat closely misses you.
The goblin hits you with a +0 dagger.
Your foxfire dissipates!
The foxfire hits the goblin.
The goblin is moderately wounded.
The goblin hits you with a +0 dagger. The bat barely misses you.
The dart slug launches a dart at you. The slug dart misses you.
The bat misses you.
You closely miss the goblin.
The goblin is moderately wounded.
The bat hits you. The goblin hits you with a +0 dagger.
* * * LOW HITPOINT WARNING * * *
The goblin attacks as you move away! The goblin hits you with a +0 dagger.
You die...

#.# #.# #.# #.# ..# #.#
#### #.#######.#
...####.#....##.>
#.......#.#..##.# #..#
#..........
#..#####..####..........
#....?.@b.......w....#..
#.##.###g.###..##†#..#.#
#..w....##.#...##
#.####..##....## #.#
#..##.#... #.#
#..##.#..#. #..
............ #... #.#..
#...K......


You could see a dart slug, a goblin and a bat.

Vanquished Creatures
  A hobgoblin (D:1)
  A quokka (D:1)
  3 kobolds (D:1)
5 creatures vanquished.

Vanquished Creatures (collateral kills)
  A foxfire (D:1)
1 creature vanquished.

Vanquished Creatures (others)
  17 foxfires (D:1)
17 creatures vanquished.

Grand Total: 23 creatures vanquished

Notes
Turn   | Place    | Note
-------+----------+-------------------------------------------
     0 | D:1      | croobank the Demonspawn Fire Elementalist began the quest
                  | for the Orb.
     0 | D:1      | Reached XP level 1. HP: 13/13 MP: 3/3
   408 | D:1      | Slain by a goblin

Illustrated notes

Levels and vault maps discovered:
D:1:      minmay_arrival_jagged, layout_loops_ring

Action                   || total
-------------------------++-------
Melee: Short sword       ||     1
 Cast: Foxfire           ||    11
  Use: Potion            ||     1
Armor: Robe              ||     3
Dodge: Dodged            ||    10
